 Dungeon Crawl Stone Soup version 0.22-a0-482-g76e0a5f51a (webtiles) character file.

1959 Kaname the Sneak (level 9, 55/57 HPs)
             Began as a Demonspawn Wizard on June 17, 2018.
             Quit the game on level 4 of the Dungeon.
             The game lasted 00:19:59 (4877 turns).

Kaname the Sneak (Demonspawn Wizard)                Turns: 4877, Time: 00:20:00

Health: 55/57      AC:  4    Str:  8    XL:     9   Next: 0%
Magic:  2/13       EV: 12    Int: 22    God:
Gold:   303        SH:  0    Dex: 18    Spells: 5/14 levels left

rFire    + . .     SeeInvis .   r - +2 dagger (elec)
rCold    + . .     Gourm    .   (no shield)
rNeg     . . .     Faith    .   y - +1 robe {rC+}
rPois    .         Spirit   .   b - +0 hat
rElec    .         Reflect  .   (no cloak)
rCorr    .         Harm     .   e - +0 pair of gloves
MR       .....                  (no boots)
Stlth    ++++......             (no amulet)
HPRegen  4.19/turn              q - ring of protection from fire
MPRegen  0.13/turn              s - +6 ring of dexterity

@: no status effects
A: antennae 1, foul stench 1, powered by death 2, rot immunity, sanguine armour
1
a: no special abilities


You were on level 4 of the Dungeon.
You were not hungry.

You visited 1 branch of the dungeon, and saw 6 of its levels.
You also visited: Sewer.

You collected 303 gold pieces.

Inventory:

Hand Weapons
 r - a +2 dagger of electrocution (weapon)
 v - a +0 short sword of venom
Missiles
 m - 89 arrows
Armour
 b - a +0 hat (worn)
 e - a +0 pair of gloves (worn)
 y - a +1 robe of cold resistance (worn)
Jewellery
 q - a ring of protection from fire (left hand)
 s - a +6 ring of dexterity (right hand)
Wands
 A - a wand of polymorph (14)
Scrolls
 a - a scroll of enchant weapon {unknown}
 c - 3 scrolls of remove curse
 n - a scroll of amnesia
 p - 2 scrolls of teleportation
 t - 2 scrolls of immolation {unknown}
 w - a scroll of fear
 x - a scroll of fog
 C - a scroll of enchant armour {unknown}
Potions
 f - a potion of haste {unknown}
 g - a potion of magic {unknown}
 h - 6 potions of curing
 i - 3 potions of heal wounds
 j - a potion of ambrosia {unknown}
 k - 6 potions of flight {unknown}
 l - 2 potions of might {unknown}
 o - a potion of lignification {unknown}
 z - a potion of resistance {unknown}
Comestibles
 d - 7 rations


   Skills:
 - Level 6.0 Short Blades
 - Level 1.7 Dodging
 - Level 7.3 Stealth
 - Level 3.0 Spellcasting
 + Level 6.4 Conjurations
   Level 1.0 Summonings
 - Level 0.8 Translocations


You had 5 spell levels left.
You knew the following spells:

 Your Spells              Type           Power        Failure   Level  Hunger
a - Magic Dart            Conj           ####         1%          1    None
b - Blink                 Tloc           N/A          13%         2    ##.....
c - Mephitic Cloud        Conj/Pois/Air  ##......     16%         3    ###....
d - Conjure Flame         Conj/Fire      ###.....     10%         3    ###....

Your spell library contained the following spells:

 Spells                   Type           Power        Failure   Level  Hunger
 Slow                     Hex            #.......     19%         2    ##.....
 Confuse                  Hex            #.......     36%         3    ###....
 Call Imp                 Summ           #.......     12%         2    ##.....
 Confusing Touch          Hex            #.....       12%         1    None
 Metabolic Englaciation   Hex/Ice        #.........   98%         5    ######.
 Petrify                  Tmut/Erth      #.......     77%         4    ####...
 Gell's Gravitas          Tloc           #.........   26%         3    ###....
 Yara's Violent Unravell  Hex/Tmut       #.........   98%         5    ######.


Dungeon Overview and Level Annotations

Branches:
Dungeon (6/15)
 Temple: D:4-7

Altars:
Fedhas
Nemelex Xobeh
Vehumet
Xom


Innate Abilities, Weirdness & Mutations

You have a pair of small antennae on your head.
You may emit foul miasma when damaged in melee.
You regenerate health from kills.
You are immune to rotting.
When seriously injured, your bleeding wounds create armour. (AC +0)


Message History

You hit hexalxvi's ghost.
Lightning courses through hexalxvi's ghost!
You destroy hexalxvi's ghost!
The worm misses you.
You barely miss the worm.
The worm is heavily wounded.
You hit the worm.
The worm is severely wounded.
The worm bites you.
You barely miss the worm.
The worm is severely wounded.
You hit the worm.
You kill the worm!
You have reached level 9!
Your experience leads to an increase in your attributes!
Your base attributes are Str 8, Int 21, Dex 12.
Increase (S)trength, (I)ntelligence, or (D)exterity?
You feel clever.
Your demonic ancestry asserts itself...
You feel your blood ready itself to protect you.
Are you sure you want to abandon this character and quit the game? (Confirm with "yes".)

...#....###.######
..O.>.##.# #.#
.#W##.##.# #.#
.#?##.##.# #.#
...##.##.###.###
...............#
####
.#.#####.......# ..%
....[..........###.#
.#.#####......O.@..#
...# #.......#####
.#.# #.......# ....
#.......# #.#
######### .## #


You could see an ogre.

Vanquished Creatures
  The ghost of ciphuk the Cutter, an amateur KoBe of Trog (D:3)
  Eustachio (D:5)
  The ghost of hexalxvi the Slasher, an amateur DsGl (D:4)
  An ice beast (D:6)
  An ogre (D:6)
  A centaur (D:4)
  A big kobold (Sewer)
  2 bullfrogs (D:6)
  2 scorpions
  A howler monkey (D:6)
  A crimson imp (D:5)
  A centaur zombie (D:5)
  A quasit (Sewer)
  A bullfrog skeleton (D:5)
  A hound (D:6)
  2 orc wizards (D:6)
  4 orc priests
  A gnoll shaman (D:5)
  Jessica (D:2)
  A centaur skeleton (D:6)
  5 worker ants
  7 big kobold zombies (Sewer)
  A hound zombie (D:6)
  3 gnolls (D:5)
  2 river rats (D:6)
  4 adders
  3 shadow imps
  2 oozes
  2 ufetubi (Sewer)
  5 worms
  A dart slug (D:2)
  7 leopard geckos
  8 orcs
  2 ball pythons
  3 bats (D:2)
  A bat zombie (Sewer)
  4 giant cockroaches
  6 goblins
  9 hobgoblins
  9 jackals
  25 kobolds
  5 quokkas
  8 frilled lizards
  A jackal skeleton (D:6)
  A jackal zombie (D:6)
  A kobold zombie (Sewer)
  11 rats
162 creatures vanquished.

Vanquished Creatures (others)
  A big kobold zombie (Sewer)
  An ooze (Sewer)
  A kobold (Sewer)
  2 kobold zombies (Sewer)
5 creatures vanquished.

Grand Total: 167 creatures vanquished

Notes
Turn   | Place    | Note
-------+----------+-------------------------------------------
     0 | D:1      | Kaname the Demonspawn Wizard began the quest for the Orb.
     0 | D:1      | Reached XP level 1. HP: 13/13 MP: 4/4
   255 | D:1      | Gained mutation: You regenerate a little health from kills. [demonic ancestry]
   255 | D:1      | Reached XP level 2. HP: 19/19 MP: 4/6
  1028 | D:2      | Gained mutation: You have a pair of small antennae on your head. [demonic ancestry]
  1028 | D:2      | Reached XP level 3. HP: 24/24 MP: 5/7
  1032 | D:2      | Learned a level 2 spell: Blink
  1041 | D:2      | Learned a level 3 spell: Mephitic Cloud
  1071 | D:2      | Noticed Jessica
  1077 | D:2      | Killed Jessica
  1269 | D:2      | Gained mutation: You are immune to rotting. [demonic ancestry]
  1269 | D:2      | Reached XP level 4. HP: 23/30 MP: 8/8
  1589 | D:2      | Found a blossoming altar of Fedhas.
  1752 | D:2      | Found a faded altar of an unknown god.
  2007 | D:3      | Learned a level 3 spell: Conjure Flame
  2010 | D:3      | Noticed ciphuk's ghost (amateur KoBe)
  2090 | D:3      | Killed ciphuk's ghost
  2090 | D:3      | Reached XP level 5. HP: 23/35 MP: 1/9
  2192 | D:3      | Reached skill level 1 in Short Blades
  2192 | D:3      | Gained mutation: You regenerate health from kills. [demonic ancestry]
  2192 | D:3      | Reached XP level 6. HP: 5/41 MP: 6/10
  2877 | D:3      | Found a radiant altar of Vehumet.
  3093 | D:4      | You fall through a shaft for 2 floors!
  3127 | D:6      | Noticed an ice beast
  3133 | D:5      | Entered Level 5 of the Dungeon
  3135 | D:5      | You fall through a shaft!
  3262 | D:6      | Gained mutation: You may emit foul miasma when damaged in melee. [demonic ancestry]
  3262 | D:6      | Reached XP level 7. HP: 34/46 MP: 2/11
  3323 | D:6      | Reached skill level 5 in Short Blades
  3430 | D:6      | Found a glowing drain.
  3500 | Sewer    | Entered a sewer
  3534 | Sewer    | Reached skill level 2 in Stealth
  3604 | Sewer    | Reached XP level 8. HP: 47/52 MP: 12/12
  3645 | Sewer    | Reached skill level 3 in Stealth
  3666 | Sewer    | Found a burning altar of Makhleb.
  3751 | Sewer    | Reached skill level 4 in Stealth
  4407 | D:5      | Reached skill level 5 in Stealth
  4452 | D:5      | Found a sparkling altar of Nemelex Xobeh.
  4487 | D:5      | Noticed Eustachio
  4518 | D:5      | Killed Eustachio
  4518 | D:5      | Reached skill level 6 in Stealth
  4745 | D:4      | Reached skill level 7 in Stealth
  4764 | D:4      | Found a shimmering altar of Xom.
  4828 | D:4      | Noticed hexalxvi's ghost (amateur DsGl)
  4871 | D:4      | Killed hexalxvi's ghost
  4876 | D:4      | Gained mutation: When seriously injured, your bleeding wounds create armour. (AC +0) [demonic ancestry]
  4876 | D:4      | Reached XP level 9. HP: 52/57 MP: 1/13
  4877 | D:4      | Quit the game

Vault maps used:
D:1:      dpeg_arrival_simpleton_c
D:2:      nicolae_overflow_crystal_walls, first_ration,
          chequers_ecumenical_altar_island, minmay_misc_feat_cross, uniq_jessica
D:3:      kb_forest_paths, lemuel_round_altar
D:4:      cheibrodos_pilgrimage, lemuel_doored_altar, nicolae_gozag_seed_capital
D:5:      old_standard_altar, grunt_temple_overflow_open,
          makhleb_heckhound_becter, temple_statues, uniq_eustachio, uniq_grinder
D:6:      lightli_sewer_entry_pipes
Sewer:    kennysheep_sewer_church

Skill      XL: |  1  2  3  4  5  6  7  8 |
---------------+-------------------------+-----
Conjurations   | 2 3 6 |  6.4
Short Blades   | 1 3 6 |  6.0
Stealth        | 2 7 |  7.3
Dodging        | |  1.7
Spellcasting   | |  3.0
Summonings     | |  1.0
Translocations | |  0.8

Action                   |  1- 3 |  4- 6 |  7- 9 || total
-------------------------+-------+-------+-------++-------
Melee: Unarmed           |    27 |       |       ||    27
       Dagger            |    61 |   124 |   361 ||   546
 Cast: Magic Dart        |    56 |    45 |    31 ||   132
       Blink             |     1 |     2 |       ||     3
       Conjure Flame     |       |     1 |     4 ||     5
       Mephitic Cloud    |       |     2 |     1 ||     3
  Use: Scroll            |       |     6 |     2 ||     8
       Potion            |       |     1 |       ||     1
 Stab: Sleeping          |     1 |     6 |     8 ||    15
  Eat: Chunk             |     1 |     3 |     7 ||    11
       Ration            |       |     1 |       ||     1
Armor: Robe              |    22 |    22 |    66 ||   110
Dodge: Dodged            |    64 |    79 |   172 ||   315

Table legend:
 A = Spawn XP
 B = Non-spawn XP
 C = Spawn XP percentage of total XP
 D = Spawn monster count
 E = Non-spawn monster count
 F = Spawn count percentage of total count
 G = Total turns spent on level
                    A         B        C        D         E        F      G
               +---------+---------+-------+---------+---------+-------+---------
         Total |       0 |    2799 |   0.0 |       0 |     162 |   0.0 |  4877
               +---------+---------+-------+---------+---------+-------+---------
           D:1 |       0 |      39 |   0.0 |       0 |      23 |   0.0 |  1027
           D:2 |       0 |      90 |   0.0 |       0 |      28 |   0.0 |  1143
           D:3 |       0 |     342 |   0.0 |       0 |      22 |   0.0 |   923
           D:4 |       0 |     550 |   0.0 |       0 |      16 |   0.0 |   351
           D:5 |       0 |     449 |   0.0 |       0 |      10 |   0.0 |   171
           D:6 |       0 |     938 |   0.0 |       0 |      32 |   0.0 |   734
         Sewer |       0 |     391 |   0.0 |       0 |      31 |   0.0 |   528
               +---------+---------+-------+---------+---------+-------+---------
